| TOP OF THE 1ST |
|
San Antonio Missions batting - Pitching for Round Rock Express : RHP Jesus Laguna
|
|
Pitching: RHP Jesus Laguna
|
|
|
Batting: LHB John Elway
|
0-0: Ball 1-0: Foul Ball, location: 2F 1-1: SINGLE (Flyball, 3D, EV 89.4 MPH)
|
|
Batting: RHB Amos Lewis
|
0-0: Ball 1-0: Foul Ball, location: 2F 1-1: Ball 2-1: Foul Ball, location: 2F 2-2: Strikes out swinging
|
|
Batting: LHB Lee Pruitt
|
0-0: Swinging Strike 0-1: Called Strike John Elway steals 2nd base 0-2: Strikes out swinging
|
|
Batting: RHB Larry Hamilton
|
0-0: Ball 1-0: Ball 2-0: Called Strike 2-1: Foul Ball, location: 2F 2-2: Strikes out swinging, 2-3 out at first.
|
| Top of the 1st over - 0 runs, 1 hit, 0 errors, 1 left on base; San Antonio 0 - Round Rock 0 |
| BOTTOM OF THE 1ST |
|
Round Rock Express batting - Pitching for San Antonio Missions : RHP Angelo Urzua
|
|
Pitching: RHP Angelo Urzua
|
|
|
Batting: LHB Steve Lyons
|
0-0: Called Strike 0-1: Swinging Strike 0-2: Fly out, F1 (Line Drive, P, EV 64.4 MPH)
|
|
Batting: LHB Luis Armijo
|
0-0: Ground out 5-3 (Groundball, 56, EV 91.3 MPH)
|
|
Batting: RHB Alejandro Sanchez
|
0-0: Swinging Strike 0-1: Fly out, F3 (Popup, 3SF, EV 70.6 MPH)
|
| Bottom of the 1st over - 0 runs, 0 hits, 0 errors, 0 left on base; San Antonio 0 - Round Rock 0 |
| TOP OF THE 2ND |
|
San Antonio Missions batting - Pitching for Round Rock Express : RHP Jesus Laguna
|
|
Batting: RHB Andrew Walker
|
0-0: Fly out, F8 (Flyball, 8LD, EV 100.0 MPH)
|
|
Batting: LHB Steven Fortune
|
0-0: Called Strike 0-1: Ball 1-1: Ball 2-1: Ball 3-1: Base on Balls
|
|
Batting: RHB Ed Hearn
|
0-0: Ball 1-0: Called Strike 1-1: Ball 2-1: Ball 3-1: Fielders Choice at 2nd, 3-6 (Groundball, 34S, EV 86.3 MPH)
|
|
Batting: RHB Houston Jimenez
|
0-0: Ball 1-0: Called Strike 1-1: Swinging Strike 1-2: Ball 2-2: Ball 3-2: Strikes out looking
|
| Top of the 2nd over - 0 runs, 0 hits, 0 errors, 1 left on base; San Antonio 0 - Round Rock 0 |
| BOTTOM OF THE 2ND |
|
Round Rock Express batting - Pitching for San Antonio Missions : RHP Angelo Urzua
|
|
Batting: LHB Al Chambers
|
0-0: Ball 1-0: Ball 2-0: Swinging Strike 2-1: Called Strike 2-2: Ball 3-2: Base on Balls
|
|
Batting: RHB Martyn Maxwell
|
0-0: Called Strike 0-1: Ball 1-1: Called Strike 1-2: Strikes out looking
|
|
Batting: RHB Gerald Miller
|
Pickoff Throw to First - Error! E1 Al Chambers to second 0-0: Called Strike 0-1: Swinging Strike 0-2: Ball 1-2: Ball 2-2: Foul Ball, location: 2F 2-2: Ball 3-2: Fly out, F7 (Flyball, 7S, EV 85.0 MPH)
|
|
Batting: LHB James Jennings
|
0-0: Foul Ball, location: 2F 0-1: Ball 1-1: Swinging Strike 1-2: Strikes out swinging
|
| Bottom of the 2nd over - 0 runs, 0 hits, 1 error, 1 left on base; San Antonio 0 - Round Rock 0 |
| TOP OF THE 3RD |
|
San Antonio Missions batting - Pitching for Round Rock Express : RHP Jesus Laguna
|
|
Batting: RHB Jack Clark
|
0-0: DOUBLE (Groundball, 5L, EV 106.3 MPH)
|
|
Batting: LHB John Elway
|
0-0: Reached on error, E6 (Groundball, 6, EV 97.5 MPH) Jack Clark to third
|
|
Batting: RHB Amos Lewis
|
0-0: Ball 1-0: Called Strike 1-1: Foul Ball, location: 2F 1-2: Ball 2-2: Fly out, F8 (Flyball, 8RM, EV 84.4 MPH) Runner from 3rd tags up, SCORES, throw by CF
|
|
Batting: LHB Lee Pruitt
|
0-0: Ball 1-0: Ball 2-0: Ball 3-0: Base on Balls John Elway to second
|
|
Batting: RHB Larry Hamilton
|
0-0: Foul Ball, location: 2F 0-1: Ball 1-1: Called Strike 1-2: Ball 2-2: Ball 3-2: Foul Ball, location: 2F 3-2: Foul Ball, location: 2F 3-2: Base on Balls John Elway to third Lee Pruitt to second
|
|
Batting: RHB Andrew Walker
|
0-0: Ball 1-0: Ground out 4-3 (Groundball, 34D, EV 102.5 MPH) John Elway scores Lee Pruitt to third Larry Hamilton to second
|
|
Batting: LHB Steven Fortune
|
0-0: Called Strike 0-1: Called Strike 0-2: Ball 1-2: Ball 2-2: Ball 3-2: Ground out 1-3 (Groundball, 15S, EV 73.8 MPH)
|
| Top of the 3rd over - 2 runs, 1 hit, 1 error, 2 left on base; San Antonio 2 - Round Rock 0 |
| BOTTOM OF THE 3RD |
|
Round Rock Express batting - Pitching for San Antonio Missions : RHP Angelo Urzua
|
|
Batting: LHB William Sobbe
|
0-0: Ball 1-0: Called Strike 1-1: SINGLE (Line Drive, 6D, EV 97.5 MPH)
|
|
Batting: RHB Mike Sodders
|
0-0: Called Strike 0-1: Ball 1-1: Ball 2-1: Called Strike 2-2: Strikes out swinging
|
|
Batting: LHB Steve Lyons
|
0-0: Ball 1-0: Foul Ball, location: 2F 1-1: SINGLE (Groundball, 56S, EV 65.0 MPH) (infield hit) William Sobbe to second
|
|
Batting: LHB Luis Armijo
|
0-0: Called Strike 0-1: Ball 1-1: Fly out, F4 (Popup, 34S, EV 81.3 MPH)
|
|
Batting: RHB Alejandro Sanchez
|
0-0: Reached on error, E5 (Groundball, 56, EV 87.5 MPH) William Sobbe to third Steve Lyons to second
|
|
Batting: LHB Al Chambers
|
0-0: Swinging Strike 0-1: Fielders Choice at 2nd, 6-4 (Groundball, 6, EV 81.9 MPH)
|
| Bottom of the 3rd over - 0 runs, 2 hits, 1 error, 3 left on base; San Antonio 2 - Round Rock 0 |
| TOP OF THE 4TH |
|
San Antonio Missions batting - Pitching for Round Rock Express : RHP Jesus Laguna
|
|
Batting: RHB Ed Hearn
|
0-0: Ball 1-0: Ball 2-0: SINGLE (Groundball, 34D, EV 106.9 MPH)
|
|
Batting: RHB Houston Jimenez
|
0-0: Ball 1-0: Ball 2-0: Ball 3-0: Called Strike 3-1: Base on Balls Ed Hearn to second
|
|
Batting: RHB Jack Clark
|
0-0: Foul Ball, location: 2F 0-1: Called Strike 0-2: Fielders Choice at 2nd, 1-4 (Groundball, 25, EV 63.8 MPH) Ed Hearn to third
|
|
Batting: LHB John Elway
|
0-0: Ball Wild Pitch! Ed Hearn scores Jack Clark to second 1-0: Ground out 4-3 (Groundball, 4, EV 87.5 MPH) Jack Clark to third
|
|
Batting: RHB Amos Lewis
|
0-0: Ball 1-0: Ground out 4-3 (Groundball, 4M, EV 83.8 MPH)
|
| Top of the 4th over - 1 run, 1 hit, 0 errors, 1 left on base; San Antonio 3 - Round Rock 0 |
| BOTTOM OF THE 4TH |
|
Round Rock Express batting - Pitching for San Antonio Missions : RHP Angelo Urzua
|
|
Batting: RHB Martyn Maxwell
|
0-0: Fly out, F9 (Line Drive, 9, EV 95.0 MPH)
|
|
Batting: RHB Gerald Miller
|
0-0: Ball 1-0: Ground out 5-3 (Groundball, 56S, EV 86.3 MPH)
|
|
Batting: LHB James Jennings
|
0-0: Fly out, F9 (Flyball, 89D, EV 100.0 MPH)
|
| Bottom of the 4th over - 0 runs, 0 hits, 0 errors, 0 left on base; San Antonio 3 - Round Rock 0 |
| TOP OF THE 5TH |
|
San Antonio Missions batting - Pitching for Round Rock Express : RHP Jesus Laguna
|
|
Batting: LHB Lee Pruitt
|
0-0: Ball 1-0: Swinging Strike 1-1: Swinging Strike 1-2: Ball 2-2: Strikes out swinging
|
|
Batting: RHB Larry Hamilton
|
0-0: Ball 1-0: Ball 2-0: Ground out 5-3 (Groundball, 56, EV 77.5 MPH)
|
|
Batting: RHB Andrew Walker
|
0-0: Ball 1-0: DOUBLE (Line Drive, 89D, EV 100.6 MPH)
|
|
Batting: LHB Steven Fortune
|
0-0: Called Strike 0-1: Ball 1-1: SINGLE (Groundball, 3D, EV 96.3 MPH) Andrew Walker to third Runner from 3rd tries for Home, SAFE, throw by RF to home
|
|
Batting: RHB Ed Hearn
|
0-0: Ground out 2-3 (Groundball, 13S, EV 69.4 MPH)
|
| Top of the 5th over - 1 run, 2 hits, 0 errors, 1 left on base; San Antonio 4 - Round Rock 0 |
| BOTTOM OF THE 5TH |
|
Round Rock Express batting - Pitching for San Antonio Missions : RHP Angelo Urzua
|
|
Batting: LHB William Sobbe
|
0-0: Ball 1-0: Fly out, F8 (Line Drive, 8LD, EV 91.9 MPH)
|
|
Batting: RHB Mike Sodders
|
0-0: SOLO HOME RUN (Flyball, 7LD, EV 93.8 MPH), Distance : 362 ft
|
|
Batting: LHB Steve Lyons
|
0-0: Swinging Strike 0-1: Ball 1-1: Foul Ball, location: 2F 1-2: Strikes out swinging
|
|
Batting: LHB Luis Armijo
|
0-0: Ball 1-0: Ball 2-0: DOUBLE (Line Drive, 9LD, EV 110.0 MPH)
|
|
Batting: RHB Alejandro Sanchez
|
0-0: Ball 1-0: Ball 2-0: Swinging Strike 2-1: Ball 3-1: Called Strike 3-2: Base on Balls
|
|
Batting: LHB Al Chambers
|
0-0: Fielders Choice at 2nd, 6-4 (Groundball, 6, EV 81.3 MPH)
|
| Bottom of the 5th over - 1 run, 2 hits, 0 errors, 2 left on base; San Antonio 4 - Round Rock 1 |
| TOP OF THE 6TH |
|
San Antonio Missions batting - Pitching for Round Rock Express : RHP Jesus Laguna
|
|
Batting: RHB Houston Jimenez
|
0-0: Called Strike 0-1: Swinging Strike 0-2: Ball 1-2: SINGLE (Line Drive, 56D, EV 103.1 MPH)
|
|
Batting: RHB Jack Clark
|
0-0: Called Strike 0-1: Ball 1-1: SINGLE (Groundball, 6M, EV 100.6 MPH) (infield hit) Houston Jimenez to second
|
|
Batting: LHB John Elway
|
0-0: Ball 1-0: Swinging Strike 1-1: Ball 2-1: Called Strike 2-2: Ball 3-2: Fielders Choice at 2nd, 3-6 (Groundball, 34, EV 91.9 MPH) Houston Jimenez to third
|
|
Batting: RHB Amos Lewis
|
0-0: Grounds into double play, 4-6-3 (Groundball, 4, EV 106.3 MPH)
|
| Top of the 6th over - 0 runs, 2 hits, 0 errors, 1 left on base; San Antonio 4 - Round Rock 1 |
| BOTTOM OF THE 6TH |
|
Round Rock Express batting - Pitching for San Antonio Missions : RHP Angelo Urzua
|
|
Batting: RHB Martyn Maxwell
|
0-0: Ball 1-0: Fly out, F8 (Flyball, 8RXD, EV 91.9 MPH)
|
|
Batting: RHB Gerald Miller
|
0-0: Called Strike 0-1: Ball 1-1: Swinging Strike 1-2: Ball 2-2: Fly out, F2 (Popup, 5SF, EV 75.6 MPH)
|
|
Batting: LHB James Jennings
|
0-0: Ball 1-0: Ball 2-0: Called Strike 2-1: Swinging Strike 2-2: Foul Ball, location: 2F 2-2: Foul Ball, location: 2F 2-2: Foul Ball, location: 2F 2-2: Foul Ball, location: 2F 2-2: Ball 3-2: Ground out 4-3 (Groundball, 4, EV 88.8 MPH)
|
| Bottom of the 6th over - 0 runs, 0 hits, 0 errors, 0 left on base; San Antonio 4 - Round Rock 1 |
| TOP OF THE 7TH |
|
San Antonio Missions batting - Pitching for Round Rock Express : RHP Jesus Laguna
|
|
Batting: LHB Lee Pruitt
|
0-0: Ground out 4-3 (Groundball, 4, EV 104.4 MPH)
|
|
Batting: RHB Larry Hamilton
|
0-0: Called Strike 0-1: Ball 1-1: Called Strike 1-2: Ball 2-2: Strikes out swinging
|
|
Batting: RHB Andrew Walker
|
0-0: Ball 1-0: Ball 2-0: Ball 3-0: Base on Balls
|
|
Pitching: RHP Bret Cleland
|
|
|
Batting: LHB Steven Fortune
|
0-0: Ball 1-0: Foul Ball, location: 2F 1-1: Ball 2-1: Ground out 4-3 (Groundball, 4, EV 87.5 MPH)
|
| Top of the 7th over - 0 runs, 0 hits, 0 errors, 1 left on base; San Antonio 4 - Round Rock 1 |
| BOTTOM OF THE 7TH |
|
Round Rock Express batting - Pitching for San Antonio Missions : RHP Angelo Urzua
|
|
Batting: LHB William Sobbe
|
0-0: Ball 1-0: Ball 2-0: Ball 3-0: Called Strike 3-1: Base on Balls
|
|
Batting: RHB Mike Sodders
|
0-0: Ball 1-0: Ball 2-0: Called Strike 2-1: Foul Ball, location: 2F 2-2: Foul Ball, location: 2F 2-2: Strikes out swinging
|
|
Pitching: RHP Edward Arkema
|
|
|
Batting: LHB Steve Lyons
|
0-0: Foul Ball, location: 2F 0-1: Ball 1-1: Foul Ball, location: 2F 1-2: Ball 2-2: Ball 3-2: Base on Balls William Sobbe to second
|
|
Batting: LHB Luis Armijo
|
0-0: Foul Ball, location: 2F 0-1: Ball 1-1: Swinging Strike 1-2: Foul Ball, location: 2F 1-2: Strikes out swinging
|
|
Batting: RHB Alejandro Sanchez
|
0-0: Called Strike 0-1: Called Strike 0-2: Fly out, F7 (Flyball, 7LS, EV 92.5 MPH)
|
| Bottom of the 7th over - 0 runs, 0 hits, 0 errors, 2 left on base; San Antonio 4 - Round Rock 1 |
| TOP OF THE 8TH |
|
San Antonio Missions batting - Pitching for Round Rock Express : RHP Bret Cleland
|
|
Batting: RHB Ed Hearn
|
0-0: Foul Ball, location: 2F 0-1: Called Strike 0-2: Strikes out swinging
|
|
Batting: RHB Houston Jimenez
|
0-0: Called Strike 0-1: Ball 1-1: DOUBLE (Flyball, 8RD, EV 102.5 MPH)
|
|
Batting: RHB Jack Clark
|
0-0: Called Strike 0-1: Ball 1-1: Ball 2-1: Foul Ball, location: 2F 2-2: Foul Ball, location: 2F 2-2: 2-RUN HOME RUN (Line Drive, 7LD, EV 106.9 MPH), Distance : 355 ft
|
|
Batting: LHB John Elway
|
0-0: Foul Ball, location: 2F 0-1: Swinging Strike 0-2: Strikes out swinging
|
|
Batting: RHB Amos Lewis
|
0-0: Called Strike 0-1: Called Strike 0-2: Ball 1-2: Strikes out looking
|
| Top of the 8th over - 2 runs, 2 hits, 0 errors, 0 left on base; San Antonio 6 - Round Rock 1 |
| BOTTOM OF THE 8TH |
|
Round Rock Express batting - Pitching for San Antonio Missions : RHP Edward Arkema
|
|
Batting: LHB Al Chambers
|
0-0: Ball 1-0: Foul Ball, location: 2F 1-1: Ball 2-1: Swinging Strike 2-2: Fly out, F5 (Flyball, 5D, EV 93.8 MPH)
|
|
Batting: RHB Martyn Maxwell
|
0-0: Called Strike 0-1: Foul Ball, location: 2F 0-2: Reached on error, E6 (Groundball, 6, EV 86.3 MPH)
|
|
Batting: RHB Gerald Miller
|
0-0: Ball 1-0: Ball 2-0: Called Strike 2-1: Swinging Strike 2-2: Strikes out swinging
|
|
Batting: LHB James Jennings
|
0-0: Called Strike 0-1: Swinging Strike 0-2: Foul Ball, location: 2F 0-2: Foul Ball, location: 2F 0-2: Strikes out looking
|
| Bottom of the 8th over - 0 runs, 0 hits, 1 error, 1 left on base; San Antonio 6 - Round Rock 1 |
| TOP OF THE 9TH |
|
San Antonio Missions batting - Pitching for Round Rock Express : RHP Bret Cleland
|
|
Batting: LHB Lee Pruitt
|
0-0: Ball 1-0: Ball 2-0: Ball 3-0: Base on Balls
|
|
Batting: RHB Larry Hamilton
|
0-0: Called Strike 0-1: Ball 1-1: Called Strike 1-2: Grounds into double play, 6-4-3 (Groundball, 56, EV 86.9 MPH)
|
|
Batting: RHB Andrew Walker
|
0-0: Ball 1-0: Called Strike 1-1: Ball 2-1: Called Strike 2-2: Strikes out swinging
|
| Top of the 9th over - 0 runs, 0 hits, 0 errors, 0 left on base; San Antonio 6 - Round Rock 1 |
| BOTTOM OF THE 9TH |
|
Round Rock Express batting - Pitching for San Antonio Missions : RHP Edward Arkema
|
|
Batting: LHB William Sobbe
|
0-0: Fly out, F8 (Flyball, 89D, EV 87.5 MPH)
|
|
Batting: RHB Mike Sodders
|
0-0: Ball 1-0: Called Strike 1-1: Ball 2-1: Called Strike 2-2: Foul Ball, location: 2F 2-2: Ball 3-2: DOUBLE (Flyball, 89D, EV 99.4 MPH)
|
|
Pitching: LHP John Hills
|
|
|
Batting: LHB Steve Lyons
|
0-0: Called Strike 0-1: Ground out 6-3 (Groundball, 56, EV 98.8 MPH)
|
|
Batting: LHB Luis Armijo
|
0-0: Ball 1-0: Foul Ball, location: 2F 1-1: Ground out 5-3 (Groundball, 56S, EV 71.9 MPH)
|
| Bottom of the 9th over - 0 runs, 1 hit, 0 errors, 1 left on base; San Antonio 6 - Round Rock 1 |
|